 Dungeon Crawl Stone Soup version 0.17-a0-1255-gd996e2d (webtiles) character file.

1668 Kisielow the Destroyer (level 8, -9/44 HPs)
             Began as a Deep Elf Conjurer on June 5, 2015.
             Was a Believer of Vehumet.
             Mangled by flt's ghost (11 damage)
             ... on level 6 of the Dungeon on June 6, 2015.
             The game lasted 00:22:11 (5412 turns).

Kisielow the Destroyer (Deep Elf Conjurer)          Turns: 5412, Time: 00:22:11

Health: -9/44      AC:  4    Str:  7    XL:     8   Next: 69%
Magic:  12/28      EV: 14    Int: 21    God:    Vehumet [**....]
Gold:   211        SH:  0    Dex: 15    Spells: 6 memorised, 2 levels left

rFire  . . .     SeeInvis .     t - +1 short sword (drain)
rCold  . . .     Clarity  .     a - +1 robe
rNeg   . . .     SustAt   .     (no shield)
rPois  .         Gourm    +     (no helmet)
rElec  .         Spirit   .     o - +0 cloak (curse)
rCorr  .         Warding  .     (no gloves)
rMut   .         Stasis   .     (no boots)
MR     .....                    e - amulet of the gourmand
Stlth  ++........               z - ring of magical power
                                k - ring of wizardry

@: flying, not resistant to hostile enchantments, unstealthy
A: no striking features
a: Renounce Religion


You were on level 6 of the Dungeon.
You worshipped Vehumet.
Vehumet was pleased with you.
You were very hungry.

You visited 2 branches of the dungeon, and saw 7 of its levels.

You collected 211 gold pieces.

Inventory:

Hand weapons
 t - a +1 short sword of draining (weapon)
Armour
 a - a +1 robe (worn)
 o - a cursed +0 cloak (worn)
Jewellery
 e - an amulet of the gourmand (around neck)
 f - a +2 ring of strength
 k - a ring of wizardry (left hand)
 z - a ring of magical power (right hand)
 B - an uncursed ring of wizardry
 C - an uncursed ring of fire {unknown}
 E - an uncursed ring of stealth {unknown}
Magical devices
 q - a wand of confusion (6)
Scrolls
 i - 2 scrolls of enchant armour
 v - 2 scrolls of remove curse
 w - 3 scrolls of fog
 D - a scroll of magic mapping {unknown}
 F - a scroll of identify
Potions
 d - a potion of cure mutation {unknown}
 h - 2 potions of cancellation {unknown}
 j - 2 potions of ambrosia
 l - 2 potions of agility
 m - 2 potions of might {unknown}
 p - 2 potions of brilliance {unknown}
 r - 2 potions of curing {unknown}
 u - 2 potions of flight
Books
 b - a book of Conjurations

   Spells                             Type                      Level
   a - Magic Dart                     Conjuration                  1
   b - Searing Ray                    Conjuration                  2
   c - Dazzling Spray                 Conjuration/Hexes            3
   d - Fulminant Prism                Conjuration/Hexes            4
   e - Iskenderun's Mystic Blast      Conjuration                  4
   f - Iskenderun's Battlesphere      Conjuration/Charms           5
 y - a book of Envenomations

   Spells                             Type                      Level
   a - Spider Form                    Transmutation/Poison         3
   b - Alistair's Intoxication        Transmutation/Poison         4
   c - Olgreb's Toxic Radiance        Poison                       4
   d - Poisonous Cloud                Conjuration/Poison/Air       6
Comestibles
 c - 7 bread rations
 g - 3 chunks of flesh
 n - 6 meat rations
 x - a slice of pizza
 A - 12 fruits


   Skills:
 + Level 1.9 Fighting
 + Level 4.2 Dodging
 - Level 2.4 Stealth
 * Level 6.1 Spellcasting
 + Level 8.5 Conjurations
 + Level 8.4 Charms
 * Level 3.2 Fire Magic


You had 2 spell levels left.
You knew the following spells:

 Your Spells              Type           Power        Failure   Level  Hunger
a - Magic Dart            Conj           ####         1%          1    None
b - Fulminant Prism       Conj/Hex       ###.......   9%          4    ####...
c - Ignite Poison         Fire/Trmt/Pois ##......     9%          3    ##.....
d - Throw Flame           Conj/Fire      ####..       1%          2    None
q - Iskenderun's Battles  Conj/Chrm      #####...     4%          5    #####..
s - Searing Ray           Conj           #####.       1%          2    None


Dungeon Overview and Level Annotations

Branches:
Dungeon (6/15)             Temple (1/1) D:4

Altars:
Ashenzari
Cheibriados
Dithmenos
Elyvilon
Fedhas
Gozag
Kikubaaqudgha
Makhleb
Nemelex Xobeh
Okawaru
Qazlal
Ru
Sif Muna
Trog
Vehumet
Xom
Yredelemnul
Zin

Annotations:
D:6 flt's ghost, experienced HOFi


Message History

* * * LOW HITPOINT WARNING * * *
Casting: Iskenderun's Battlesphere
Confirm with . or Enter, or press ? or * to list all spells.
Aiming: Magic Dart
Press: ? - help, Shift-Dir - straight line, f/p - flt's ghost
Aim: flt's ghost (moderately damaged)
The magic dart hits flt's ghost.
Flt's ghost is moderately damaged.
Your battlesphere fires!
The barrage of energy hits flt's ghost.
Flt's ghost is heavily damaged.
Flt's ghost hits you.
* * * LOW HITPOINT WARNING * * *
Drink which item? (? for menu, Esc to quit)
It was a potion of flight.
You feel very buoyant.
You fly up into the air.
Flt's ghost hits you!
* * * LOW HITPOINT WARNING * * *
Flt's ghost hits you!
You die...

.#. #.......# .o. #.### #.#...#W#
... ###...### ######.#...#.# #.#
....<...#### #()).......#.# ##
...#)....... #(####.#####O#
...#.#..#######.# #.#####.#
..*...#.# ##.#.# #...O...#
..#####.####.#.W#################
..............#.@.*.........#....
....###.##'##.##.##########.#....
###..#..#...#..##.##......#......
#.....#........###.####.###....
#..##.#...#.##........#.# #....
###..#⌠.##+##.⌠#...#.##.#.###....
#....#.........#...........###...
#.#####.......#####........# #...
#.#...#.......#............# ####


You could see flt's ghost.

Vanquished Creatures
  Grinder (D:4)
  A necrophage (D:5)
  An ice beast (D:5)
  3 phantoms
  2 ogres (D:6)
  A centaur (D:6)
  A water moccasin zombie (D:5)
  2 scorpions
  A crimson imp (D:6)
  A giant frog skeleton (D:6)
  4 orc priests
  2 hounds
  4 orc wizards
  2 worker ants
  2 iguanas
  A hound skeleton (D:4)
  A hound zombie (D:5)
  2 adders
  A shadow imp (D:5)
  An adder zombie (D:5)
  An adder skeleton (D:4)
  A worm (D:5)
  5 giant geckos
  11 orcs
  11 bats
  3 bat zombies
  4 giant cockroaches
  7 hobgoblins
  6 kobolds
  2 ball pythons (D:1)
  A giant gecko skeleton (D:5)
  5 giant newts
  8 goblins
  10 jackals
  5 quokkas
  8 rats
  A butterfly (D:4)
123 creatures vanquished.

Notes
Turn   | Place    | Note
--------------------------------------------------------------
     0 | D:1      | Kisielow the Deep Elf Conjurer began the quest for the Orb.
     0 | D:1      | Reached XP level 1. HP: 10/10 MP: 6/6
   233 | D:1      | Reached XP level 2. HP: 15/15 MP: 0/8
   249 | D:1      | Learned a level 2 spell: Searing Ray
   307 | D:1      | Reached skill level 5 in Conjurations
  1188 | D:2      | Reached XP level 3. HP: 19/19 MP: 6/9
  1461 | D:3      | You fall through a shaft!
  1477 | D:4      | Reached skill level 6 in Conjurations
  1477 | D:4      | Reached XP level 4. HP: 24/24 MP: 1/10
  1607 | D:4      | Noticed Grinder
  1836 | D:3      | Found a snail-covered altar of Cheibriados.
  1848 | D:3      | Found a radiant altar of Vehumet.
  1892 | D:3      | Found a white marble altar of Elyvilon.
  1909 | D:3      | Became a worshipper of Vehumet
  1960 | D:3      | Reached skill level 7 in Conjurations
  1960 | D:3      | Reached XP level 5. HP: 7/28 MP: 3/11
  2113 | D:3      | Learned a level 5 spell: Iskenderun's Battlesphere
  2229 | D:3      | Found a shadowy altar of Dithmenos.
  2579 | D:5      | Entered Level 5 of the Dungeon
  2692 | D:4      | Killed Grinder
  2692 | D:4      | Reached XP level 6. HP: 29/32 MP: 2/12
  2815 | D:4      | Noticed a scorpion
  2815 | D:4      | Noticed a scorpion
  2824 | D:4      | Killed a scorpion
  2828 | D:4      | Found a staircase to the Ecumenical Temple.
  2839 | Temple   | Entered the Ecumenical Temple
  3015 | Temple   | Killed a scorpion
  3127 | D:4      | Noticed a phantom
  3134 | D:4      | Killed a phantom
  3134 | D:4      | Reached XP level 7. HP: 36/36 MP: 2/13
  3527 | D:4      | Acquired Vehumet's first power
  3527 | D:4      | Offered knowledge of Shock by Vehumet.
  3527 | D:4      | Reached skill level 8 in Charms
  4044 | D:5      | Learned a level 4 spell: Fulminant Prism
  4085 | D:5      | Noticed a phantom
  4093 | D:5      | Killed a phantom
  4093 | D:5      | Reached skill level 1 in Fighting
  4321 | D:5      | Reached XP level 8. HP: 43/43 MP: 10/17
  4446 | D:5      | Offered knowledge of Throw Flame by Vehumet.
  4450 | D:5      | Learned a level 2 spell: Throw Flame
  4520 | D:5      | Noticed an ice beast
  4527 | D:5      | Killed an ice beast
  4527 | D:5      | Reached skill level 5 in Spellcasting
  4527 | D:5      | Reached skill level 1 in Fire Magic
  4718 | D:5      | Upgraded the game from 0.17-a0-1230-g8afc29e to 0.17-a0-1255-gd996e2d
  4737 | D:6      | Found a shattered altar of Ashenzari.
  4947 | D:6      | Noticed flt's ghost (experienced HOFi)
  5277 | D:5      | Offered knowledge of Ignite Poison by Vehumet.
  5285 | D:5      | Learned a level 3 spell: Ignite Poison
  5411 | D:6      | HP: 2/44 [flt's ghost (7)]
  5412 | D:6      | Mangled by flt's ghost

Vault maps used:
D:1:      minmay_arrival_hallway
D:2:      grunt_ministairs_3
D:3:      nicolae_overflow_quartered_altars, serial_bayou_pond_e,
          grunt_ministairs_12
D:4:      minmay_temple_entry_butterflies, uniq_grinder
D:5:      first_bread, dk_vineyard_1
D:6:      tso_altar, evilmike_ruin_ashenzari
Temple:   nicolae_temple_god_jail

Action                   |  1- 3 |  4- 6 |  7- 9 || total
-------------------------+-------+-------+-------++-------
Melee: Short sword       |     2 |    14 |    22 ||    38
 Cast: Magic Dart        |    55 |    67 |   131 ||   253
       Searing Ray       |     3 |       |       ||     3
       Iskenderun's Batt |       |     5 |    24 ||    29
       Throw Flame       |       |       |     1 ||     1
Evoke: Wand              |     2 |    10 |       ||    12
  Use: Scroll            |     6 |     5 |     2 ||    13
       Potion            |       |     1 |     3 ||     4
  Eat: Chunk             |     1 |     8 |    14 ||    23
       Bread ration      |       |     1 |       ||     1
